AoeStats
← [NICE_ASS] BigMasi

Hill Fort

505303387Analyzed
4v4 RM · 24d ago on Sep 8, 2026· 43m 36s· 8 players
Game mode
Random Map
Map size
Large (8 player)
Population
200
Speed
Normal
Resources
Standard
Victory
Conquest
Starting age
Dark Age
Ending age
Imperial Age
RankedLock teamsTeams togetherTeam positionsShared explorationLock speedFull tech treeHidden civsTurbo modeCheats
Victory
Defeat
🇫🇷 Wei · France
1336
+11
🇨🇭 Vietnamese · Switzerland
1284
+14
🇨🇭 Portuguese · Switzerland
1279
+14
🇹🇷 Goths · Türkiye
1207
+17
🇨🇳 Franks · China
1310
-17
1285
-16
🇨🇳 Britons · China
1266
-15
🇨🇳 Ethiopians · China
1055
-8
Pancho
9:51 Feudal Age
11:35 Loom
17:03 Castle Age
15:09 Double-Bit Axe
18:03 Bow Saw
19:07 Scale Barding Armor
19:47 Horse Collar
23:01 Husbandry
25:02 Bloodlines
25:20 Town Watch
26:26 Chain Barding Armor
26:55 Forging
31:24 Iron Casting
35:26 Imperial Age
36:03 Gold Mining
37:27 Wheelbarrow
36:20 Cavalier
39:54 Caravan
40:59 Plate Barding Armor
42:23 Arson
Bilbo Baggins
12:51 Feudal Age
15:10 Double-Bit Axe
17:58 Castle Age
18:02 Wheelbarrow
19:21 Bow Saw
24:37 Horse Collar
26:38 Heavy Plow
28:05 Scale Mail Armor
30:30 Anarchy
30:59 Forging
30:56 Gold Mining
31:00 Pikeman
31:56 Chain Mail Armor
32:17 Iron Casting
32:49 Hand Cart
35:49 Imperial Age
34:13 Caravan
36:34 Perfusion
37:36 Blast Furnace
41:01 Halberdier
Sc100Pitie
6:22 Loom
9:46 Feudal Age
10:57 Double-Bit Axe
18:37 Castle Age
17:25 Scale Barding Armor
17:18 Horse Collar
19:06 Bloodlines
19:08 Forging
19:40 Bow Saw
24:53 Heavy Plow
29:44 Wheelbarrow
32:04 Gold Mining
32:05 Stone Mining
35:43 Imperial Age
33:29 Tuntian
34:10 Husbandry
34:33 Chain Barding Armor
35:39 Hand Cart
36:46 Conscription
38:43 Iron Casting
38:47 Ming Guang Armor
38:39 Elite Tiger Cavalry
41:44 Blast Furnace
[NICE_ASS] BigMasi
4:46 Loom
12:39 Feudal Age
14:09 Double-Bit Axe
14:23 Horse Collar
17:03 Castle Age
16:14 Wheelbarrow
18:06 Bow Saw
17:58 Heavy Plow
17:52 Stone Mining
17:52 Gold Mining
18:41 Hand Cart
20:47 Gold Mining
24:18 Town Watch
25:46 Fletching
25:57 Padded Archer Armor
26:22 Fletching
26:56 Bodkin Arrow
27:02 Padded Archer Armor
30:03 Imperial Age
29:48 Ballistics
29:45 Thumb Ring
30:39 Bodkin Arrow
30:45 Padded Archer Armor
31:54 Chemistry
31:32 Bracer
31:42 Squires
31:28 Arson
32:37 Paper Money
33:27 Fortified Wall
32:53 Elite Rattan Archer
34:44 Leather Archer Armor
34:30 Scale Mail Armor
37:24 Chain Mail Armor
37:19 Forging
37:40 Ring Archer Armor
37:29 Chain Mail Armor
37:25 Forging
37:19 Elite Fire Lancer
41:32 Plate Mail Armor
41:38 Iron Casting
41:10 Caravan
小天
13:52 Feudal Age
17:56 Castle Age
26:51 Thumb Ring
26:37 Crossbowman
29:01 Fletching
29:16 Padded Archer Armor
29:22 Padded Archer Armor
30:42 Bodkin Arrow
31:03 Leather Archer Armor
36:36 Imperial Age
34:52 Ballistics
39:52 Chemistry
39:07 Arbalester
42:09 Conscription
43:12 Bracer
43:42 Ring Archer Armor
米德维奇小学副校长
11:31 Feudal Age
12:38 Double-Bit Axe
12:40 Horse Collar
16:13 Castle Age
15:56 Wheelbarrow
16:42 Double-Bit Axe
17:36 Heavy Plow
30:09 Forging
30:21 Gold Mining
31:26 Stone Mining
32:04 Hand Cart
32:27 Iron Casting
31:59 Scale Barding Armor
34:29 Imperial Age
33:31 Bloodlines
34:40 Stone Shaft Mining
35:05 Loom
35:05 Town Watch
34:50 Cavalier
36:32 Blast Furnace
35:53 Chain Barding Armor
37:47 Plate Barding Armor
36:43 Paladin
陌陌伽
5:18 Loom
11:16 Feudal Age
12:13 Double-Bit Axe
15:10 Castle Age
18:57 Scale Barding Armor
25:45 Wheelbarrow
30:45 Gold Mining
32:36 Hand Cart
33:22 Husbandry
36:08 Chain Barding Armor
35:58 Forging
39:35 Imperial Age
40:37 Iron Casting
40:03 Cavalier
余念
9:31 Loom
12:02 Feudal Age
12:59 Double-Bit Axe
13:04 Horse Collar
18:57 Castle Age
18:22 Gold Mining
18:29 Stone Mining
20:42 Wheelbarrow
20:01 Gold Mining
20:53 Bow Saw
20:45 Heavy Plow
27:45 Gold Shaft Mining
30:10 Crossbowman
37:13 Imperial Age
36:09 Hand Cart
36:45 Fletching
36:57 Padded Archer Armor
38:37 Elite Longbowman
40:54 Bodkin Arrow
41:16 Leather Archer Armor
41:19 Arbalester
Connection lost

Rejoining the realm…

Still unreachable

The connection could not be restored.

Session expired

The server has moved on; the page needs a fresh start.